 Dungeon Crawl Stone Soup version 0.26-a0-631-ged93497179 (webtiles) character file.

Game seed: 8257925814826253147

14 DogServant the Magician (level 2, -1/15 HPs)
             Began as a Deep Elf Hedge Wizard on Sept 12, 2020.
             Slain by a leopard gecko (4 damage)
             ... on level 1 of the Dungeon.
             The game lasted 00:03:23 (400 turns).

DogServant the Magician (Deep Elf Hedge Wizard)      Turns: 400, Time: 00:03:24

Health: -1/15      AC:  2    Str:  7    XL:     2   Next: 31%
Magic:  0/9        EV: 13    Int: 18    God:
Gold:   49         SH:  0    Dex: 14    Spells: 7/10 levels left

rFire    . . .     SeeInvis .   a - +0 dagger
rCold    . . .     Faith    .   (no shield)
rNeg     . . .     Spirit   .   b - +0 robe
rPois    .         Reflect  .   c - +0 hat
rElec    .         Harm     .   (no cloak)
rCorr    .         Rampage  .   (no gloves)
MR       .....                  (no boots)
Stlth    ++........             (no amulet)
HPRegen  0.05/turn              (no ring)
MPRegen  0.11/turn              (no ring)

@: no status effects
A: no striking features
a: no special abilities


You were on level 1 of the Dungeon.
You visited 1 branch of the dungeon, and saw 1 of its levels.

You collected 49 gold pieces.

Inventory:

Hand Weapons
 a - a +0 dagger (weapon)
Armour
 b - a +0 robe (worn)
 c - a +0 hat (worn)
Potions
 d - a potion of berserk rage {unknown}
 e - a potion of cancellation {unknown}
 f - a potion of brilliance {unknown}


   Skills:
 - Level 2.4 Dodging
 - Level 2.4 Stealth
 + Level 4.9 Spellcasting
 + Level 2.0 Conjurations
   Level 1.1 Summonings
 - Level 1.1 Translocations


You had 7 spell levels left.
You knew the following spells:

 Your Spells              Type           Power        Failure   Level
a - Magic Dart            Conj           ##..         6%          1
b - Blink                 Tloc           N/A          13%         2

Your spell library contained the following spells:

 Spells                   Type           Power        Failure   Level
 Call Imp                 Summ           #.......     13%         2
 Slow                     Hex            #.......     21%         2
 Conjure Flame            Conj/Fire      #.......     26%         3
 Mephitic Cloud           Conj/Pois/Air  #.......     30%         3


Dungeon Overview and Level Annotations

Branches:
Dungeon (1/15)

Altars:


Message History

Aim: a kobold, wielding a +0 club (heavily wounded)
The magic dart hits the kobold.
You kill the kobold!
Your Conjurations skill increases to level 2!
The leopard gecko closely misses you.
Casting: Magic Dart (safe; 6% risk of failure)
Confirm with . or Enter, or press ? or * to list all spells.
You blink.
Casting: Blink (safe; 13% risk of failure)
Confirm with . or Enter, or press ? or * to list all spells.
Aiming: Magic Dart (safe; 6% risk of failure)
Press: ? - help, Shift-Dir - straight line, f - leopard gecko
Aim: a leopard gecko The magic dart hits the leopard gecko.
The leopard gecko is severely wounded.
Casting: Magic Dart (safe; 6% risk of failure)
Confirm with . or Enter, or press ? or * to list all spells.
You don't have enough magic to cast that spell.
The leopard gecko bites you.
You die...

#..[.##..#######.######
.....##......†((.......
....###...#####......l.
#++####...# #..######
..........# #(.#
..........# #..#
#########.# #..#
.#######..# #..#
.#.......)# #(@#
...#####..#####(l# ...#
...#......# ...#
###.#r###)###### .#.#
..#...r........ .#.#
..#####.(...... .#.. ..
......... .#### #
#........ ... #........


You could see a leopard gecko and a rat (wandering).

Vanquished Creatures
  An ooze (D:1)
  A goblin (D:1)
  2 hobgoblins (D:1)
  2 kobolds (D:1)
  2 bats (D:1)
  2 rats (D:1)
10 creatures vanquished.

Notes
Turn   | Place    | Note
-------+----------+-------------------------------------------
     0 | D:1      | DogServant the Deep Elf Hedge Wizard began the quest for
                  | the Orb.
     0 | D:1      | Reached XP level 1. HP: 10/10 MP: 7/7
   204 | D:1      | Reached XP level 2. HP: 15/15 MP: 5/9
   208 | D:1      | Learned a level 2 spell: Blink
   400 | D:1      | Slain by a leopard gecko

Illustrated notes

Levels and vault maps discovered:
D:1:      dpeg_arrival_refuge, layout_basic, due_unseen_surprise

Skill      XL: |  1  2 |
---------------+-------+-----
Conjurations   | 2 |  2.0
Dodging        | |  2.4
Stealth        | |  2.4
Spellcasting   | |  4.9
Summonings     | |  1.1
Translocations | |  1.1

Action                   || total
-------------------------++-------
Melee: Dagger            ||     5
 Cast: Magic Dart        ||    21
       Blink             ||     2
 Stab: Sleeping          ||     1
Armor: Robe              ||     1
Dodge: Dodged            ||    11

Table legend: (Time is in decaauts)
 A = Elapsed time spent in this place.
 B = Non-inter-level travel time spent in this place.
 C = Inter-level travel time spent in this place.
 D = Time resting spent in this place.
 E = Time spent auto-exploring this place.
 F = Levels seen in this place.
 G = Mean time per level.
                   A        B        C        D        E       F      G
               +--------+--------+--------+--------+--------+-----+--------+
         Total |    400 |    400 |      0 |      0 |    338 |   1 |  400.0 |
       Dungeon |    400 |    400 |      0 |      0 |    338 |   1 |  400.0 |
               +--------+--------+--------+--------+--------+-----+--------+

Top non-repeatable levels by time:
     D:1: 400 daAuts
